 Dungeon Crawl Stone Soup version 0.29.0-11-gd7f09526c8 (webtiles) character file.

Game seed: 7700981680067395820

26 SomeFlowers the Charlatan (level 2, -1/16 HPs)
             Began as a Deep Elf Artificer on Sept 5, 2022.
             Was a Follower of Sif Muna.
             Frozen to death by an endoplasm (5 damage)
             ... on level 1 of the Dungeon.
             The game lasted 00:01:49 (1690 turns).

SomeFlowers the Charlatan (Deep Elf Artificer)      Turns: 1690, Time: 00:01:49

Health: -1/16      AC:  3    Str:  9    XL:     2   Next: 89%
Magic:  4/4        EV: 12    Int: 15    God:    Sif Muna [*.....]
Gold:   59         SH:  0    Dex: 15    Spells: 2/2 levels left

rFire   . . .      SeeInvis .   h - +0 short sword
rCold   . . .      Faith    .   (no shield)
rNeg    . . .      Spirit   .   b - +0 leather armour
rPois   .          Reflect  .   (no helmet)
rElec   .          Harm     .   (no cloak)
rCorr   .          Rampage  .   (no gloves)
Will    .....                   (no boots)
Stlth   ++........              (no amulet)
HPRegen 0.05/turn               (no ring)
MPRegen 0.09/turn               (no ring)

@: no status effects
A: no striking features
a: Renounce Religion, Channel Magic


You were on level 1 of the Dungeon.
You worshipped Sif Muna.
Sif Muna was aware of your devotion.
You visited 1 branch of the dungeon, and saw 1 of its levels.

You collected 59 gold pieces.

Inventory:

Hand Weapons
 a - a +0 club
 h - a +0 short sword (weapon)
Armour
 b - a +0 leather armour (worn)
Jewellery
 i - a ring of resist corrosion
Wands
 c - a wand of flame (13) (quivered)
 d - a wand of charming (12)
 e - a wand of iceblast (5)
Scrolls
 f - a scroll of amnesia {unknown}
 k - a scroll of enchant armour {unknown}
Potions
 g - a potion of cancellation {unknown}
 j - a potion of brilliance {unknown}


   Skills:
 - Level 0.8 Fighting
 - Level 0.5 Short Blades
 - Level 0.3 Maces & Flails
 - Level 0.9 Armour
 + Level 2.5 Dodging
 + Level 1.2 Stealth
 * Level 0.6 Spellcasting
 + Level 4.0 Evocations


You had 2 spell levels left.
You didn't know any spells.
Your spell library was empty.

Dungeon Overview and Level Annotations

Branches:
Dungeon (1/15)

Altars:
Sif Muna


Message History

You now have 59 gold pieces (gained 13).
A goblin comes into view. It is wielding a +0 dagger.
You open the door.
A rat comes into view.
There is an open door here.
The rat completely misses you.
You hit the rat.
The rat is severely wounded.
The rat misses you.
You hit the rat.
You kill the rat!
Sif Muna accepts your kill.
You see here a rat corpse.
Found a stone staircase leading down.
A ball python comes into view.
A ball python is nearby!
An endoplasm comes into view.
The endoplasm quivers.
The helpless ball python fails to defend itself.
You hit the ball python.
You kill the ball python!
Sif Muna accepts your kill.
You hit the endoplasm but do no damage. The endoplasm hits you.
The endoplasm freezes you.
You are frozen.
You barely miss the endoplasm. The endoplasm hits you.
You hit the endoplasm.
The endoplasm is severely wounded.
The endoplasm freezes you.
You are frozen.
You hit the endoplasm.
The endoplasm is almost dead.
The endoplasm freezes you.
You are frozen.
* * * LOW HITPOINT WARNING * * *
You hit the endoplasm but do no damage.
The endoplasm is almost dead.
The endoplasm freezes you.
You are frozen.
You die...

#)### #.####### ###
#.......# #><
#####.#####.# ##..
##...#.# ###.####...
....#.###..........
# ..
......##.#.####...
#. .# #J†........#
.#.. .####
g###@#...##.###
.#### ....
..##.##..#...# ##
..##..##.......# #
#.##..#####..#...# #
#.###.##.........# #
.
#.........####...##
#
#####.#######.....##
# # ##.##
##.......## ##. #
##...####.........#
##...##


You could see an endoplasm.

Vanquished Creatures
  2 dart slugs (D:1)
  A giant cockroach (D:1)
  A hobgoblin (D:1)
  2 kobolds (D:1)
  3 quokkas (D:1)
  4 ball pythons (D:1)
  A bat (D:1)
  2 frilled lizards (D:1)
  3 goblins (D:1)
  2 rats (D:1)
21 creatures vanquished.

Vanquished Creatures (others)
  A giant cockroach (D:1)
  A hobgoblin (D:1)
2 creatures vanquished.

Grand Total: 23 creatures vanquished

Notes
Turn   | Place    | Note
-------+----------+-------------------------------------------
     0 | D:1      | SomeFlowers the Deep Elf Artificer began the quest for the
                  | Orb.
     0 | D:1      | Reached XP level 1. HP: 11/11 MP: 3/3
   358 | D:1      | Reached XP level 2. HP: 5/16 MP: 4/4
   694 | D:1      | Found a faded altar of an unknown god.
   714 | D:1      | Reached skill level 4 in Evocations
   941 | D:1      | Prayed at the altar of an unknown god.
   941 | D:1      | Became a worshipper of Sif Muna the Loreminder
   941 | D:1      | Reached * piety under Sif Muna
  1690 | D:1      | Frozen to death by an endoplasm

Illustrated notes

Levels and vault maps discovered:
D:1:      dpeg_arrival_tiny_a, layout_loops_corners, serial_shops,
          nicolae_diamond_shop, ebering_ecumenical_altar_box

Skill      XL: |  1  2 |
---------------+-------+-----
Evocations     | 4 |  4.0
Fighting       | |  0.8
Short Blades   | |  0.5
Maces & Flails | |  0.3
Armour         | |  0.9
Dodging        | |  2.5
Stealth        | |  1.2
Spellcasting   | |  0.6

Action                   || total
-------------------------++-------
Melee: Club              ||    44
       Short sword       ||    51
Evoke: Wand              ||     5
 Stab: Sleeping          ||     1
Armor: Leather armour    ||    23
Dodge: Dodged            ||    56
